 Dungeon Crawl Stone Soup version 0.31.0-11-ge490571c62 (webtiles) character file.

Game seed: 12668215387661982891

23675 browni3141 the Cleaver (level 12, -13/110 HPs)
             Began as a Minotaur Fighter on Jan 28, 2024.
             Was a High Priest of Okawaru.
             Mangled by a sphinx (19 damage)
             ... summoned by Kirke
             ... on level 3 of the Lair of Beasts.
             The game lasted 00:06:31 (13012 turns).

browni3141 the Cleaver (Minotaur Fighter)          Turns: 13012, Time: 00:06:32

Health: -13/110    AC:  0    Str: 26    XL:     12   Next: 73%
Magic:  15/15      EV: 13    Int:  5    God:    Okawaru [*****.]
Gold:   853        SH:  5    Dex: 10    Spells: 11/11 levels left

rFire   . . .        o - melded +1 war axe (heavy)
rCold   . . .        c - melded +0 buckler
rNeg    . . .        B - melded +0 plate armour
rPois   .            M - melded +1 hat
rElec   .            N - melded +0 cloak
rCorr   .            (gloves currently unavailable)
SInv    .            q - melded +0 pair of boots
Will    .....        A - amulet of reflection
Stlth   +            f - melded ring of willpower
HPRegen 0.38/turn    J - melded +4 ring of slaying
MPRegen 0.14/turn

%: reflection
@: pig-form, slowed
A: fast, no casting, small, (horns 2), (retaliatory headbutt)
a: Renounce Religion, Heroism, Finesse, Duel


You were on level 3 of the Lair of Beasts.
You worshipped Okawaru.
Okawaru was extremely pleased with you.
You were a filthy swine.
You visited 2 branches of the dungeon, and saw 12 of its levels.

You collected 853 gold pieces.

Inventory:

Hand Weapons
 o - a +1 heavy war axe (melded)
 K - a +0 war axe
Missiles
 i - 21 boomerangs (quivered)
 I - 5 throwing nets
 U - a silver javelin
Armour
 b - a +0 scale mail
 c - a +0 buckler (melded)
 p - a +0 chain mail
 q - a +0 pair of boots (melded)
 B - a +0 plate armour (melded)
 M - a +1 hat (melded)
 N - a +0 cloak (melded)
Jewellery
 f - a ring of willpower (melded)
 A - an amulet of reflection (around neck)
 E - a ring of wizardry
 J - a +4 ring of slaying (melded)
 L - a ring of ice
 T - a ring of positive energy
Wands
 C - a wand of flame (19)
 F - a wand of mindburst (26)
 G - a wand of quicksilver (17)
 V - a wand of digging (4)
 X - a wand of polymorph (4)
Scrolls
 h - 8 scrolls of identify {unknown}
 j - 2 scrolls of vulnerability {unknown}
 r - 2 scrolls of blinking {unknown}
 s - 5 scrolls of immolation {unknown}
 t - a scroll of enchant armour {unknown}
 u - 5 scrolls of teleportation {unknown}
 w - 3 scrolls of noise {unknown}
 y - a scroll of acquirement {unknown}
 z - a scroll of enchant weapon {unknown}
 D - 5 scrolls of amnesia
 P - a scroll of poison
 Q - 2 scrolls of revelation {unknown}
 R - a scroll of brand weapon {unknown}
 S - a scroll of fog {unknown}
 W - a scroll of fear
Potions
 a - a potion of brilliance {unknown}
 d - a potion of might
 e - 4 potions of haste {unknown}
 g - 3 potions of attraction {unknown}
 k - a potion of berserk rage {unknown}
 l - 3 potions of curing
 m - 2 potions of heal wounds {unknown}
 n - 4 potions of degeneration
 v - 2 potions of lignification {unknown}
 x - a potion of invisibility {unknown}
 H - a potion of mutation {unknown}
 O - a potion of ambrosia {unknown}


   Skills:
 + Level 11.0 Fighting
 * Level 14.4 Axes
 + Level 6.6 Throwing
 + Level 10.9 Armour
 + Level 10.7 Shields
 + Level 6.3 Invocations
 + Level 4.3 Evocations


You had 11 spell levels left.
You didn't know any spells.
Your spell library contained the following spells:

 Spells                   Type           Power      Damage    Failure   Level
 Apportation              Tloc           0%         N/A       47%         1
 Kiss of Death            Conj/Necr      0%         2d5       47%         1
 Necrotise                Necr           0%         1d4       47%         1
 Slow                     Hex            0%         N/A       47%         1
 Sting                    Conj/Alch      0%         1d3       47%         1
 Confusing Touch          Hex            0%         N/A       85%         3
 Inner Flame              Hex/Fire       0%         N/A       85%         3
 Sigil of Binding         Hex            0%         N/A       85%         3
 Vampiric Draining        Necr           0%         2d6       85%         3
 Dispel Undead            Necr           0%         3d6       99%         4
 Irradiate                Conj/Alch      0%         3d11      100%        5
 Eringya's Noxious Bog    Alch           0%         4d6       100%        6
 Ignition                 Fire           0%         3d3       100%        8
 Summon Small Mammal      Summ           Unusable   N/A       N/A         1
 Summon Forest            Summ/Tloc      Unusable   N/A       N/A         5
 Summon Hydra             Summ           Unusable   N/A       N/A         7

Dungeon Overview and Level Annotations

Branches:
Dungeon (9/15)             Temple (0/1) D:6            Lair (3/5) D:9
 Spider (0/4) Lair:3
  Swamp: Lair:2-3    Shoals: Lair:2-3       Orc: D:9-12

Altars:
Ashenzari
Cheibriados
Hepliaklqana
Kikubaaqudgha
Nemelex Xobeh
Okawaru
Qazlal
Sif Muna
Uskayaw
Vehumet
Xom
Zin

Shops:
D:2 (

Annotations:
Lair:3 Kirke


Innate Abilities, Weirdness & Mutations

You are a filthy swine.
You move quickly.
Your equipment is almost entirely melded.
You are incapable of wielding weapons or throwing items.
You cannot cast spells.
((You have a pair of horns on your head.))
((You reflexively headbutt those who attack you in melee.))


Message History

You kill the hog!
Okawaru accepts your kill.
You slice Kirke!! You slash the hog! You barely miss the bullfrog.
You slash the hog!
You kill the hog!
Okawaru accepts your kill. You block the hog's attack.
You block the bullfrog's attack.
Kirke splashes a potion.
Kirke hits you! The hog bites you but does no damage.
The bullfrog completely misses you. You furiously retaliate!
You headbutt the bullfrog!
Kirke gestures wildly while chanting.
Kirke summons a lindwurm!
The hog bites you but does no damage. The bullfrog hits you.
Your Fighting skill increases to level 11!
You carve the hog like the proverbial ham!!!
You kill the hog!
Okawaru accepts your kill.
You hit Kirke. You miss the bullfrog.
The bullfrog hits you but does no damage.
The manticore flicks its tail.
The volley of spikes skewers you.
The barbed spikes become lodged in your body.
Kirke casts a spell at you.
You feel as though you will be slow longer.
You block the bullfrog's attack.
Kirke casts a spell.
Kirke flickers and vanishes!
Deactivating autopickup; reactivate with Ctrl-A.
You hit the bullfrog.
The bullfrog is heavily wounded.
You miss something. You hit the manticore but do no damage.
You slash the lindwurm! You block the bullfrog's attack.
The lindwurm breathes flames at you. The blast of flame hits you.
The bullfrog hits you but does no damage.
You block the manticore's attack.
The manticore claws you but does no damage. x2
Something hits you but does no damage.
The lindwurm bites you but does no damage.
The lindwurm claws you but does no damage. x2
The bullfrog hits you but does no damage.
The manticore completely misses you.
The manticore claws you but does no damage.
The manticore claws you. Something hits you but does no damage.
You slash the bullfrog!
You kill the bullfrog!
Okawaru accepts your kill.
You completely miss something. You slice the manticore!!
You hit the lindwurm but do no damage. The lindwurm barely misses you.
You furiously retaliate!
You headbutt the lindwurm! The lindwurm completely misses you.
The lindwurm claws you.
The manticore bites you but does no damage.
The manticore claws you!
The manticore claws you but does no damage.
You hear some strange, mumbled words.
Something summons a sphinx!
You block the lindwurm's attack. x2
The lindwurm claws you but does no damage.
You carve the manticore like a ham!!!
You kill the manticore!
The manticore's corpse disappears in a puff of smoke!
You hit the lindwurm. You slice something!!
Something hits you but does no damage. The lindwurm barely misses you.
The lindwurm claws you but does no damage.
You block the lindwurm's attack. Something hits you.
You slice the lindwurm like a ripe choko!!!
You kill the lindwurm!
The lindwurm's corpse disappears in a puff of smoke!
You slash something! You slice the torpor snail!! Something hits you.
The torpor snail barely misses you. You block the sphinx's attack. x2
The sphinx hits you but does no damage. Something hits you but does no damage.
You completely miss the torpor snail.
You headbutt the torpor snail, but do no damage.
The torpor snail is heavily wounded.
You closely miss something. You slice the sphinx!!
You carefully extract the barbed spikes from your body.
You block the sphinx's attack. The sphinx barely misses you.
The sphinx hits you.
You hear some strange, mumbled words.
Something summons a lindwurm!
You block the torpor snail's attack. The sphinx hits you!
The sphinx hits you but does no damage. x2
You hit the sphinx.
The sphinx is moderately wounded.
You closely miss something. You slice the torpor snail!!
You hear some strange, mumbled words.
You turn into a filthy swine.
Your +1 heavy war axe melds into your body.
Your +0 cloak melds into your body.
Your +1 hat melds into your body.
Your +0 pair of boots melds into your body.
Your +0 buckler melds into your body.
Your +0 plate armour melds into your body.
Your ring of willpower melds into your body.
Your +4 ring of slaying melds into your body.
The sphinx hits you! The sphinx hits you. x2
A wolf comes into view.
The torpor snail bites you.
You hear some strange, mumbled words.
Something tries to affect you, but you resist.
The sphinx hits you!!
You die...

######....#.
..####..#
#.#.#.......
...#.....
##..........
........#
##.....#...##
........#
#..#.##....##
........##
###..#..#....
#......# ##...#...#.
#.{H.# #......>...
#.wh†# #........##
##.k.######...#.#...#
#....##.P#.#..###.#†#
##...............(...
#..####..#..........
#.# #######.......
.h. ######.P .... #.#
....$ #...


You could see a sphinx (summoned), a torpor snail, a lindwurm (summoned) and a
wolf (wandering).

Vanquished Creatures
  2 two-headed ogres
  A boulder beetle (D:9)
  A skyshark (Lair:2)
  Pikel (D:7)
  Maurice (D:9)
  5 elephants (Lair:2)
  6 cane toads
  2 black mambas
  4 komodo dragons
  A polar bear (Lair:2)
  A troll (D:9)
  Grinder (D:3)
  7 blink frogs (Lair:1)
  Sigmund (D:3)
  3 wyverns
  25 yaks
  A wraith (D:9)
  Grum (D:8)
  6 hogs (Lair:3)
  Eustachio (D:6)
  2 steam dragons
  A vampire mosquito (D:8)
  A basilisk (Lair:1)
  An acid dragon (D:9)
  16 water moccasins
  2 sky beasts (D:8)
  3 orc warriors
  A black bear (D:4)
  2 ice beasts (D:6)
  16 wolves
  6 centaurs
  An ogre (D:6)
  A lemure (D:7)
  2 kobold brigands
  4 bullfrogs
  2 gnoll sergeants
  2 scorpions (Lair:3)
  16 wights
  5 killer bees (D:9)
  A howler monkey (D:8)
  2 electric eels (Lair:1)
  4 gnoll boudas
  12 hounds (D:8)
  3 jellies
  4 orc priests
  7 iguanas
  4 orc wizards
  6 hell rats (Lair:3)
  27 gnolls
  8 adders
  A shadow imp (D:6)
  A white imp (D:6)
  6 ribbon worms
  25 orcs
  7 bats
  6 endoplasms
  4 giant cockroaches
  8 goblins
  4 hobgoblins
  9 jackals
  15 kobolds
  4 quokkas
  5 ball pythons
  A frilled lizard (D:1)
  8 rats
337 creatures vanquished.

Notes
Turn   | Place    | Note
-------+----------+-------------------------------------------
     0 | D:1      | browni3141 the Minotaur Fighter began the quest for the
                  | Orb.
     0 | D:1      | Reached XP level 1. HP: 19/19 MP: 0/0
    66 | D:1      | Reached XP level 2. HP: 27/27 MP: 1/1
    70 | D:1      | Reached skill level 3 in Axes
   541 | D:2      | Found Zaicho's Weapon Boutique.
   550 | D:2      | Reached XP level 3. HP: 19/33 MP: 2/2
   945 | D:2      | Reached XP level 4. HP: 40/40 MP: 3/3
  1371 | D:3      | Noticed Sigmund
  1380 | D:3      | Killed Sigmund
  1381 | D:3      | Reached skill level 5 in Axes
  1381 | D:3      | Reached XP level 5. HP: 28/47 MP: 4/4
  1513 | D:3      | Reached XP level 6. HP: 45/55 MP: 5/5
  1744 | D:3      | Reached skill level 5 in Armour
  1744 | D:3      | Reached skill level 5 in Shields
  1751 | D:3      | Reached skill level 5 in Fighting
  1982 | D:3      | Noticed Grinder
  1985 | D:3      | Paralysed by Grinder for 3 turns
  1989 | D:3      | Paralysed by Grinder for 2 turns
  1997 | D:3      | Killed Grinder
  1998 | D:3      | Reached skill level 6 in Axes
  1998 | D:3      | Reached XP level 7. HP: 18/61 MP: 6/6
  2153 | D:3      | Found a radiant altar of Vehumet.
  2357 | D:4      | Found a glowing silver altar of Zin.
  3173 | D:5      | Entered Level 5 of the Dungeon
  3324 | D:5      | Found a shimmering altar of Xom.
  3335 | D:5      | Found a hide-covered altar of Uskayaw.
  3337 | D:5      | Found a snail-covered altar of Cheibriados.
  3438 | D:5      | Reached skill level 7 in Axes
  3840 | D:5      | Found a broken altar of Ashenzari.
  4083 | D:6      | Reached XP level 8. HP: 57/70 MP: 7/7
  4086 | D:6      | Noticed Eustachio
  4156 | D:6      | Killed Eustachio
  4157 | D:6      | Reached skill level 8 in Axes
  4317 | D:6      | Found an iron altar of Okawaru.
  4331 | D:6      | Became a worshipper of Warmaster Okawaru
  4355 | D:6      | Found a staircase to the Ecumenical Temple.
  5221 | D:7      | Reached skill level 9 in Axes
  5462 | D:7      | Noticed Pikel
  5479 | D:7      | Killed Pikel
  5479 | D:7      | Reached * piety under Okawaru
  5480 | D:7      | Reached XP level 9. HP: 75/79 MP: 8/8
  5594 | D:7      | Reached ** piety under Okawaru
  5737 | D:7      | Found a sparkling altar of Nemelex Xobeh.
  5747 | D:7      | Reached skill level 1 in Throwing
  5758 | D:7      | Reached skill level 10 in Axes
  5758 | D:7      | Reached skill level 1 in Invocations
  5828 | D:7      | Found a hazy altar of Hepliaklqana.
  5944 | D:7      | Found a stormy altar of Qazlal.
  6864 | D:8      | Reached XP level 10. HP: 41/87 MP: 10/10
  7094 | D:8      | Noticed a two-headed ogre
  7098 | D:8      | Killed a two-headed ogre
  7098 | D:8      | Reached *** piety under Okawaru
  7099 | D:8      | Reached skill level 11 in Axes
  7148 | D:8      | Noticed Grum
  7157 | D:8      | Killed Grum
  7470 | D:8      | Found a shimmering blue altar of Sif Muna.
  8230 | D:9      | Found an ancient bone altar of Kikubaaqudgha.
  8288 | D:9      | Noticed Maurice
  8293 | D:9      | Maurice stole 14 boomerangs
  8295 | D:9      | Something stole a ring of ice
  8318 | D:9      | Maurice stole a +0 war axe
  8319 | D:9      | Killed Maurice
  8595 | D:9      | Reached **** piety under Okawaru
  8670 | D:9      | Found a runed translucent door.
  8670 | D:9      | Noticed a two-headed ogre
  8671 | D:9      | Noticed a boulder beetle
  8764 | D:9      | Found a staircase to the Lair.
  8780 | D:9      | Reached skill level 12 in Axes
  8831 | D:9      | Reached skill level 1 in Evocations
  8832 | D:9      | Reached XP level 11. HP: 68/97 MP: 13/13
  9733 | D:9      | Killed a two-headed ogre
  9737 | D:9      | Killed a boulder beetle
  9740 | D:9      | Reached ***** piety under Okawaru
  9954 | Lair:1   | Entered Level 1 of the Lair of Beasts
 10160 | Lair:1   | Reached skill level 5 in Throwing
 10172 | Lair:1   | Reached skill level 5 in Invocations
 10172 | Lair:1   | Received a gift from Okawaru
 10175 | Lair:1   | Reached skill level 10 in Fighting
 10176 | Lair:1   | Reached skill level 13 in Axes
 10438 | Lair:1   | Reached skill level 10 in Armour
 10521 | Lair:1   | Reached skill level 10 in Shields
 11185 | Lair:1   | Reached XP level 12. HP: 106/106 MP: 15/15
 11462 | Lair:2   | Received a gift from Okawaru
 11846 | Lair:2   | Received a gift from Okawaru
 11847 | Lair:2   | Reached skill level 14 in Axes
 12914 | Lair:3   | Found a hole to the Spider Nest.
 12996 | Lair:3   | Noticed Kirke
 13009 | Lair:3   | Noticed a sphinx
 13012 | Lair:3   | Mangled by a sphinx

Illustrated notes

Levels and vault maps discovered:
D:1:      lightli_arrival_noodles, layout_basic
D:2:      layout_basic, serial_shops, nicolae_shop_bloodbath_and_beyond
D:3:      layout_loops_ring, mainiacjoe_overflow_surrounded_room,
          kennysheep_potato, uniq_sigmund, uniq_grinder
D:4:      layout_gridville, mainiacjoe_overflow_small_starburst,
          minmay_misc_feat_encased
D:5:      layout_rooms, mainiacjoe_overflow_brackets, minitemple
D:6:      layout_basic, okawaru_metal_pillars_1_2, minmay_temple_entry_waves,
          uniq_eustachio
D:7:      layout_loops_corners, mainiacjoe_overflow_tiny_flanked,
          mainiacjoe_overflow_catwalk, nicolae_qazlal_eye_of_the_storm,
          uniq_pikel
D:8:      hangedman_cross_stitches, layout_cave_pools, amcnicky_altar_gilded,
          serial_gnoll_camp, grums_kennel, gnoll_camp_mini_doghouse,
          gnoll_camp_mini_hut, gnoll_camp_mini_doghouse, gnoll_camp_mini_basic,
          gnoll_camp_medium_02
D:9:      layout_layer_cave, mainiacjoe_overflow_alcove_2, lair_entry_dummy,
          minmay_st_funbox, uniq_maurice
Lair:1:   layout_roguey, small_statue_intersection, grunt_megastairs_4,
          serial_bayou_shore_a
Lair:2:   layout_cellular_growth, serial_forest, infiniplex_forest_end_2,
          infiniplex_forest_lined_ring, infiniplex_forest_fountain,
          infiniplex_forest_lined_2, infiniplex_forest_corner_1,
          infiniplex_forest_fountain, bh_autumn_forest_stairs,
          cheibrodos_lair_reptile_den
Lair:3:   layout_small_grid, nicolae_shoals_entry_roost,
          nicolae_spider_entry_non_spiders, chequers_serial_rivers_large_b,
          serial_bayou_shore_b, infiniplex_staircase_pool_2, uniq_rupert,
          uniq_kirke

Skill      XL: |  1  2  3  4  5  6  7  8  9 10 11 12 |
---------------+-------------------------------------+-----
Axes           | 3 5 6 7 9 10 12 13 14 | 14.4
Armour         | 4 5 6 7 8 9 10 | 10.9
Shields        | 4 5 6 7 8 9 10 | 10.7
Fighting       | 4 5 6 7 8 9 10 11 | 11.0
Throwing       | 2 4 5 6 |  6.6
Invocations    | 2 4 5 6 |  6.3
Evocations     | 1 3 4 |  4.3

Action                     |  1- 3 |  4- 6 |  7- 9 | 10-12 || total
---------------------------+-------+-------+-------+-------++-------
  Melee: War axe           |    81 |    66 |   343 |   312 ||   802
         Headbutt          |    15 |     7 |    56 |    50 ||   128
 Invoke: Heroism           |       |       |       |     6 ||     6
  Evoke: Wand              |       |       |       |    10 ||    10
    Use: Scroll            |       |     3 |       |       ||     3
         Potion            |       |       |     3 |       ||     3
 Armour: Scale mail        |    63 |    65 |       |       ||   128
         Chain mail        |       |       |   227 |       ||   227
         Plate armour      |       |       |   165 |   402 ||   567
         Skin              |       |       |       |     5 ||     5
  Dodge: Dodged            |    48 |    28 |   136 |   142 ||   354
  Block: Buckler           |    28 |    19 |   172 |   238 ||   457
         Reflection        |       |       |     9 |    10 ||    19
